 Dungeon Sprint DCSS version 0.04.11-10-gf7304a76c8 (webtiles) character file.

Game seed: 17030281387978470923, levelgen mode: deterministic

501 esc the Fighter (level 6, -4/71 HPs) Centaur Berserker. Began on Apr 11, 2021. Was a Believer of Trog. Slain by a deep troll (16 damage) ... while paralysed ... in the Dungeon (Sprint I: "Red Sonja"). The game lasted 00:02:40 (287 turns).

esc the Fighter (Centaur Berserker)                  Turns: 287, Time: 00:02:40

Health: -4/71      AC: 18    Str: 21    XL:     6 ^: 16
Magic:  6/6        EV:  1    Int:  8    God:    Trog [2* [70]]
Gold:   351        SH:  0    Dex: 10    Spells: 5/5 levels left

rFire    . . .     Vision   .   a - +0 spear
rCold    + . .     Gourm    .   m - +2 buckler {rC+}
rNeg     + + +     Faith    .   n - +0 ring mail
rPois    ∞         Spirit   .   (no helmet)
rElec    .         Reflect  .   (no cloak)
rCorr    .         Harm     .   (no gloves)
MR       .....     Rnd*Rage +   (no barding) Stlth ..........NoTele +
                                (no amulet)
HPRegen  0.33/turn              (no ring)
MPRegen  0.16/turn              (no ring)

@: lethally poisoned (-4 -> -4), petrified, berserk cooldown, slowed, very quick
A: large, hooves 3, deformed body, speed 2, tough skin 3
a: Berserk, Trog's Hand, Renounce Religion


You were in the Dungeon.
You worshipped Trog.
Trog was pleased with you.
You were hungry.

You visited 1 branch You collected 351 gold pieces.

Inventory:

Weapons
 a - a +0 spear (weapon)
 l - a +1 great sword Shields
 m - a +2 buckler of cold resistance (shield)
Armour
 b - a +0 animal skin
 n - a +0 ring mail (worn)
Wands
 j - a wand of ensnaring (1)
Scrolls
 i - a scroll of blinking
Potions
 d - a potion of curing
 e - a potion of heal wounds
 f - a potion of haste
 g - 2 potions of magic
 h - 2 potions of berserk rage
Comestibles
 c - 3 rations
 k - a chunk of flesh


   Skills:
 + Level 12.8 Fighting
 - Level 2.6 Polearms
 + Level 2.9 Armour
 + Level 2.9 Dodging


You had 5 spell levels left.
You didn't know any spells.
Your spell library was empty.

Dungeon Overview and Level Annotations

Branches:
Dungeon (1/1)

Altars:
Cheibriados
Dithmenos
Elyvilon
Fedhas Madash
Gozag Ym Sagoz
Hepliaklqana
Kikubaaqudgha
Nemelex Xobeh
Okawaru
Qazlal
Ru
Sif Muna
Trog
Uskayaw
Vehumet
Wu Jian
Yredelemnul
Zin
The Shining One Bahamut & Tiamat

Shops:
D *

Annotations:
D Sonja


Innate Abilities, Weirdness & Mutations

You have hooves in place of feet.
Armour fits poorly on your strangely shaped body.
You cover ground very quickly.
You have extremely tough skin. (AC +3)
You frequently lose your temper in combat.
This godly rage surpasses even clarity. (*Rage)


Message History

Sonja opens the door.
A deep troll comes into view.
The deep troll shouts!
Sonja mumbles some strange words.
Sonja looks slightly unstable.
Sonja launches a curare-tipped needle.
The curare-tipped needle jabs you (2). x2
Sonja launches a needle of sleeping.
The needle of sleeping jabs you (8)! x2
You are unaffected.
Sonja disappears!
Sonja reappears nearby!
Sonja launches a curare-tipped needle.
The curare-tipped needle jabs you (2). x2
The deep troll bites you (2).
* * * LOW HITPOINT WARNING * * *
The deep troll claws you (7)!
* * * LOW HITPOINT WARNING * * *
The deep troll claws you but does no damage.
Sonja plants her feet in a plie.
Sonja launches a curare-tipped needle.
The curare-tipped needle jabs you (2). x2
* * * LOW HITPOINT WARNING * * *
The deep troll bites you (16)!
You die...

#..#..#..#._.#.#
#..#__####..##.#
#..#_____##'#_.+
#⌠⌠#_.∩...÷..._#
####_..__##_.#'#
#_____###'#.#
#########K####+#
+..$'$$.$ #@T$#
##.## #+#


You could see a deep troll and Sonja.

Vanquished Creatures
  Sigmund (D)
  A yak (D)
  Ijyb (D)
  An ogre (D)
  A jelly (D)
5 creatures vanquished.

Notes
Turn   | Place    | Note
-------+----------+-------------------------------------------
     0 | D        | esc the Centaur Berserker began the quest for the Orb.
     0 | D        | Reached XP level 1. HP: 18/18 MP: 1/1
     1 | D        | Noticed Ijyb
     6 | D        | Killed Ijyb
     6 | D        | Reached skill level 8 in Fighting
     6 | D        | Reached XP level 2. HP: 35/35 MP: 2/2
     6 | D        | Reached XP level 3. HP: 40/40 MP: 3/3
     6 | D        | Reached XP level 4. HP: 48/48 MP: 4/4
    50 | D        | Noticed an ogre
    52 | D        | Killed an ogre
    52 | D        | Received a gift from Trog
    52 | D        | Reached skill level 10 in Fighting
    52 | D        | Reached XP level 5. HP: 58/58 MP: 5/5
    96 | D        | Noticed Sigmund
   103 | D        | Killed Sigmund
   103 | D        | Reached ** piety under Trog
   103 | D        | Reached skill level 12 in Fighting
   103 | D        | Reached XP level 6. HP: 70/70 MP: 6/6
   155 | D        | Found an ornate altar of the Wu Jian Council.
   155 | D        | Found a snail-covered altar of Cheibriados.
   157 | D        | Found a glowing golden altar of the Shining One.
   184 | D        | Found an opulent altar of Gozag.
   196 | D        | Found Ebuwkagg's Assorted Antiques.
   196 | D        | Found a hide-covered altar of Uskayaw.
   196 | D        | Found a glowing silver altar of Zin.
   196 | D        | Found a sacrificial altar of Ru.
   196 | D        | Found a blossoming altar of Fedhas.
   196 | D        | Found an ancient bone altar of Kikubaaqudgha.
   196 | D        | Found a bloodstained altar of Trog.
   196 | D        | Found a shadowy altar of Dithmenos.
   196 | D        | Found a stormy altar of Qazlal.
   196 | D        | Noticed a yak
   200 | D        | Killed a yak
   201 | D        | Found a white marble altar of Elyvilon.
   201 | D        | Found an iron altar of Okawaru.
   201 | D        | Found a sparkling altar of Nemelex Xobeh.
   201 | D        | Found an ornate altar of Bahamut and Tiamat.
   201 | D        | Found a basalt altar of Yredelemnul.
   201 | D        | Found a radiant altar of Vehumet.
   201 | D        | Found a hazy altar of Hepliaklqana.
   204 | D        | Found a shimmering blue altar of Sif Muna.
   257 | D        | Noticed Sonja
   281 | D        | Noticed a deep troll
   287 | D        | Slain by a deep troll

Levels and vault maps discovered:
D:        dungeon_sprint_1 [red_sonja_temple_1, red_sonja_temple_small_1]

Skill      XL: |  1  2  3  4  5  6 |
---------------+-------------------+-----
Fighting       | 8 10 12 | 12.8
Armour         | 2 |  2.9
Dodging        | 2 |  2.9
Polearms       | |  2.6

Action                   |  1- 3 |  4- 6 || total
-------------------------+-------+-------++-------
Melee: Spear             |     4 |    24 ||    28
       Unarmed           |     2 |     2 ||     4
       Kick              |       |     2 ||     2
Invok: Berserk           |     1 |     4 ||     5
  Eat: Chunk             |       |     2 ||     2
Armor: Ring mail         |       |     2 ||     2
Dodge: Dodged            |     1 |     2 ||     3
